 Dungeon Crawl Stone Soup version 0.17-a0-1741-gd5e8965 (webtiles) character file.

121 KambridgeKobold the Sneak (level 4, -3/21 HPs)
             Began as a Spriggan Enchanter on Aug 31, 2015.
             Was an Initiate of Gozag.
             Killed by divine providence
             ... invoked by an orc priest
              (11 damage)
             ... on level 3 of the Dungeon.
             The game lasted 00:07:29 (2736 turns).

KambridgeKobold the Sneak (Spriggan Enchanter)      Turns: 2736, Time: 00:07:29

Health: -3/21      AC:  3    Str:  5    XL:     4   Next: 76%
Magic:  9/9        EV: 18    Int: 16    God:    Gozag
Gold:   180        SH:  0    Dex: 16    Spells: 2 memorised, 6 levels left

rFire  . . .     SeeInvis +     k - +0 rapier
rCold  . . .     Clarity  .     b - +1 robe
rNeg   + . .     SustAt   .     (shield restricted)
rPois  +         Gourm    .     (helmet restricted)
rElec  .         Spirit   .     (no cloak)
rCorr  .         Warding  +     (gloves unavailable)
rMut   .         Stasis   .     (boots unavailable)
MR     .....                    e - amulet of warding
Stlth  ++++......               (no ring)
                                g - ring of poison resistance

@: very quick, not resistant to hostile enchantments, stealthy
A: unfitting armour, see invisible, herbivore 3, speed 3, slow metabolism 2
a: Potion Petition, Call Merchant, Bribe Branch, Renounce Religion


You were on level 3 of the Dungeon.
You worshipped Gozag.
Gozag was noncommittal.
You were not hungry.

You visited 1 branch of the dungeon, and saw 3 of its levels.

You collected 180 gold pieces.

Inventory:

Hand weapons
 a - a +1 dagger
 i - a +0 whip of electrocution
 k - a +0 rapier (weapon)
Armour
 b - a +1 robe (worn)
Jewellery
 e - an amulet of warding (around neck)
 g - a ring of poison resistance (left hand)
 s - an uncursed amulet of the gourmand {unknown}
Magical devices
 n - a wand of digging (13)
Scrolls
 m - 4 scrolls of identify {unknown}
 o - a scroll of recharging {unknown}
 p - 2 scrolls of blinking {unknown}
 t - a scroll of random uselessness {unknown}
Potions
 h - 2 potions of agility {unknown}
 j - a potion of haste {unknown}
 l - 2 potions of curing {unknown}
 q - a potion of brilliance {unknown}
 r - a potion of might {unknown}
 u - a potion of poison {unknown}
Books
 c - a book of Maledictions

   Spells                             Type                      Level
   a - Corona                         Hexes                        1
   b - Ensorcelled Hibernation        Hexes/Ice                    2
   c - Confuse                        Hexes                        3
   d - Tukima's Dance                 Hexes                        3
   e - Dazzling Spray                 Conjuration/Hexes            3
Comestibles
 d - 4 bread rations
 f - 8 fruits


   Skills:
 + Level 2.9 Short Blades
 - Level 3.0 Dodging
 + Level 6.3 Stealth
 - Level 3.1 Spellcasting
 + Level 4.4 Hexes


You had 6 spell levels left.
You knew the following spells:

 Your Spells              Type           Power        Failure   Level  Hunger
a - Corona                Hex            ###....      3%          1    #......
b - Ensorcelled Hibernat  Hex/Ice        #.....       12%         2    ##.....


Dungeon Overview and Level Annotations

Branches:
Dungeon (3/15)

Altars:
Gozag


Innate Abilities, Weirdness & Mutations

You are tiny and cannot use many weapons and most armour.
You have supernaturally acute eyesight.
You are a herbivore.
You cover ground extremely quickly.
You need consume almost no food.


Message History

There is an open door here.
An orc comes into view.
Found a lumpy yellow potion.
An orc, an orc priest and an orc wizard come into view.
The orc wizard shouts!
The orc priest shouts!
The orc wizard gestures wildly while chanting.
The orc wizard blinks!
The orc priest calls down the wrath of Beogh upon you.
Something smites you!
Ouch! That really hurt!
You closely miss the orc.
The orc shouts! x2
The orc misses you.
The orc wizard gestures wildly while chanting.
The orc wizard seems to speed up.
The orc priest invokes the aid of Beogh against you.
Something smites you!
Ouch! That really hurt!
You die...
Your body crumbles into a pile of gold.

####....#...##.).......#.##
#...........########[#.#.#
#...........# #.#.#.#
#...........# #.#.#
#...........# #.#.#
####'#......# #.#.#
#.#......# #.#.#
#.######.########.#.#
#.##...@...o.o.o....#
#.##.###.....o.!..###
#.##.# ##########.....
#....# #### ######


You could see an orc priest and 2 orcs.

Vanquished Creatures
  Ijyb (D:2)
  4 adders
  A gnoll (D:1)
  2 worms
  A giant gecko (D:3)
  An orc (D:3)
  3 ball pythons (D:1)
  A giant cockroach (D:2)
  A hobgoblin (D:2)
  6 jackals
  3 kobolds (D:1)
  4 bats
  3 giant newts
  10 goblins
  9 rats
50 creatures vanquished.

Notes
Turn   | Place    | Note
--------------------------------------------------------------
     0 | D:1      | KambridgeKobold the Spriggan Enchanter began the quest for the Orb.
     0 | D:1      | Reached XP level 1. HP: 9/9 MP: 5/5
   338 | D:1      | Reached XP level 2. HP: 13/13 MP: 7/7
   348 | D:1      | Learned a level 2 spell: Ensorcelled Hibernation
   579 | D:1      | Reached skill level 5 in Stealth
   857 | D:1      | Reached XP level 3. HP: 13/16 MP: 8/8
  1511 | D:2      | Noticed Ijyb
  1526 | D:2      | Killed Ijyb
  1526 | D:2      | Reached XP level 4. HP: 17/21 MP: 9/9
  1724 | D:2      | Reached skill level 6 in Stealth
  2636 | D:3      | Found a faded altar to an unknown god.
  2647 | D:3      | Became a worshipper of Gozag Ym Sagoz the Greedy
  2736 | D:3      | Killed from afar by an orc priest

Vault maps used:
D:1:      minmay_arrival_glassed_features, minmay_curled_crystal,
          kennysheep_nondescript, kennysheep_crisscross,
          minmay_misc_feat_pillars
D:2:      uniq_iyjb
D:3:      ecumenical_altar_2, minivault_19

Action                   |  1- 3 |  4- 6 || total
-------------------------+-------+-------++-------
Melee: Dagger            |    77 |       ||    77
       Whip              |    27 |     3 ||    30
       Rapier            |       |    42 ||    42
 Cast: Ensorcelled Hiber |     4 |     3 ||     7
 Stab: Sleeping          |    10 |     9 ||    19
